Senators vs Hurricanes

Created - Wednesday, March 09, 2016 at 04:08

Goals
1 2 3 T
Senators 2 0 2 4
Hurricanes 2 1 0 3
Shots
1 2 3 T
Senators 15 9 4 28
Hurricanes 11 14 7 32

1st period

1. Hurricanes , Marian Gaborik 48 (Mike Fisher) at 2:31 (PP)
2. Senators , Loui Eriksson 25 (Kyle Turris, Zach Bogosian) at 7:16
3. Hurricanes , Eric Staal 43 (Jiri Hudler, Kris Versteeg) at 11:12 (PP)
4. Senators , Boone Jenner 23 (Phil Kessel, Jake Gardiner) at 14:03 (PP)

Penalties :
Johnny Boychuk (Ott) for Cross-checking (Minor) at 2:30, Zach Bogosian (Ott) for Roughing (Minor) at 10:49, Marco Scandella (Car) for Roughing (Minor) at 12:15

2nd period

5. Hurricanes , Martin Hanzal 17 (Mikhail Grabovski) at 17:26

Penalties :
Jarome Iginla (Ott) for Holding (Minor) at 1:04, Kyle Chipchura (Ott) for Interference (Minor) at 14:40, Dion Phaneuf (Ott) for High sticking (Minor) at 15:13

3rd period

6. Senators , Loui Eriksson 26 (Kyle Turris) at 7:59
7. Senators , Loui Eriksson 27 (Kyle Turris, Dion Phaneuf) at 9:48 (PP)

Penalties :
Dion Phaneuf (Ott) for Roughing (Minor) at 0:05, Dave Bolland (Ott) for Interference (Minor) at 0:38, Dion Phaneuf (Ott) for Hooking (Minor) at 5:44, Eric Staal (Car) for High sticking (Minor) at 9:24, Martin Hanzal (Car) for High sticking (Minor) at 12:48, Marco Scandella (Car) for Holding (Minor) at 15:07

Goalie Stats

Steve Mason (Ott), 29 saves from 32 shots - (0.906), W, 34-19-7, 60:00 minutes
Jonas Hiller (Car), 24 saves from 28 shots - (0.857), L, 24-29-5, 59:05 minutes

Players Stats for Senators

Player Name              G  A  P  +/- PIM S  H  SB GA TA FO     MP     PP MP  PK MP  
------------------------------------------------------------------------------------
Boone Jenner             1  0  1   0  0   4  3  1  2  4  0/0    18:03   2:51   1:11 
Dave Bolland             0  0  0   0  2   0  0  0  0  1  5/12   13:05   0:00   4:33 
Dion Phaneuf             0  1  1   0  6   2  4  6  0  5  0/0    24:35   3:17   2:27 
Jake Gardiner            0  1  1   0  0   1  1  0  1  1  0/0    15:20   2:53   1:00 
Jarome Iginla            0  0  0   1  2   2  1  0  1  1  0/2    16:56   3:19   0:26 
Joe Colborne             0  0  0   0  0   1  0  0  0  1  2/6    10:11   0:00   0:35 
John-Michael Liles       0  0  0   1  0   0  2  3  0  0  0/0    15:31   0:00   3:01 
Johnny Boychuk           0  0  0  -1  2   0  2  2  0  3  0/0    21:47   3:17   3:38 
Johnny Oduya             0  0  0   1  0   0  0  0  1  4  0/0    18:51   0:00   4:47 
Jonathan Toews           0  0  0   0  0   3  1  0  1  1  9/23   19:55   2:51   3:10 
Kyle Chipchura           0  0  0   0  2   0  2  1  0  2  0/0     9:36   0:00   0:01 
Kyle Turris              0  3  3   1  0   1  1  1  1  0  8/11   15:38   3:19   0:00 
Loui Eriksson            3  0  3   1  0   4  1  1  5  1  0/1    16:23   3:19   0:00 
Michael Grabner          0  0  0   0  0   1  0  0  6  1  0/2    15:57   0:00   4:32 
Phil Kessel              0  1  1   0  0   4  1  0  3  1  0/0    15:04   2:51   0:00 
Steve Downie             0  0  0   0  0   0  1  0  3  0  0/0     7:31   0:00   0:00 
Valeri Nichushkin        0  0  0   0  0   3  1  0  0  0  1/1     8:41   0:00   1:07 
Zach Bogosian            0  1  1   1  2   2  2  1  0  0  0/0    24:30   2:53   4:22 

Players Stats for Hurricanes

Player Name              G  A  P  +/- PIM S  H  SB GA TA FO     MP     PP MP  PK MP  
------------------------------------------------------------------------------------
Brian Flynn              0  0  0  -1  0   1  1  1  1  1  7/12   12:04   0:00   3:30 
Eric Staal               1  0  1   0  2   2  4  0  6  0  8/15   16:40   4:57   0:45 
Fedor Tyutin             0  0  0   1  0   0  2  0  0  1  0/0    17:17   0:00   3:04 
Jared Spurgeon           0  0  0  -2  0   1  1  2  0  2  0/0    23:27   4:20   3:06 
Jiri Hudler              0  1  1   0  0   0  1  0  2  0  0/0    16:36   4:57   0:00 
Josh Bailey              0  0  0  -1  0   1  1  0  1  0  0/1    16:36   4:29   0:06 
Kris Versteeg            0  1  1   0  0   0  3  0  1  0  0/0    15:51   4:57   0:00 
Marco Scandella          0  0  0   0  4   4  3  1  0  1  0/0    19:58   5:06   0:00 
Marian Gaborik           1  0  1  -1  0   6  1  0  6  0  0/2    17:10   4:29   0:00 
Martin Hanzal            1  0  1   1  2   3  0  2  4  0  7/13   14:09   0:00   1:55 
Matt Read                0  0  0   1  0   3  0  1  3  0  1/1    15:31   0:00   3:21 
Mike Fisher              0  1  1  -1  0   3  2  1  1  0  10/13  17:10   4:29   0:00 
Mike Weaver              0  0  0   1  0   3  1  1  0  2  0/0    17:17   0:00   3:04 
Mikhail Grabovski        0  1  1   1  0   0  0  0  0  0  0/0    11:26   0:00   0:00 
Stephane Robidas         0  0  0  -2  0   1  1  3  0  3  0/0    23:27   4:20   3:06 
Stephen Gionta           0  0  0  -1  0   3  1  0  5  2  0/0    11:17   0:00   2:43 
Thomas Hickey            0  0  0   0  0   0  1  1  2  0  0/0    19:16   5:06   0:00 
Viktor Stalberg          0  0  0  -1  0   1  0  0  4  0  0/1     8:34   0:00   0:00 

3 Stars

1 - Loui Eriksson (Ott)
2 - Kyle Turris (Ott)
3 - Boone Jenner (Ott)

Power Play

Senators - 2 on 4 Attempt(s) - 50.00%
Hurricanes - 2 on 8 Attempt(s) - 25.00%

Penalty Kill

Senators - 6 on 8 Attempt(s) - 75.00% - Score 0 goal in Penalty Kill
Hurricanes - 2 on 4 Attempt(s) - 50.00% - Score 0 goal in Penalty Kill

Team Stat

Senators - Hits : 23 - Faceoff Wins : 25 - Blocked Shots : 16 - Penalty Minutes : 16
Hurricanes - Hits : 23 - Faceoff Wins : 33 - Blocked Shots : 13 - Penalty Minutes : 8

Official

Referees : Unknown
Linesman : Unknown

Game Notes

Loui Eriksson has scored a Hat Trick!

Finance

Level 1 -- Attendance: 5349 (89.15%) -- Ticket Income $443,967
Level 2 -- Attendance: 4975 (99.50%) -- Ticket Income $248,750
Level 3 -- Attendance: 1927 (96.35%) -- Ticket Income $57,810
Level 4 -- Attendance: 4000 (100.00%) -- Ticket Income $52,000
Luxury Box -- Attendance: 991 (99.10%) -- Ticket Income $178,380
Game was played at the RBC Arena.
Total Attendance: 17242 (95.79%)
Total Ticket Income: $980,907
Other Income: $480,644
Total Income: $1,461,551

Senators

5 vs 5 Forward 
   Center                   Left Wing                Right Wing               Time % Phy DF OF 
 1 Jonathan Toews           Boone Jenner             Phil Kessel              35     1   2  2  
 2 Kyle Turris              Loui Eriksson            Jarome Iginla            30     1   2  2  
 3 Joe Colborne             Michael Grabner          Kyle Chipchura           22     1   2  2  
 4 Dave Bolland             Valeri Nichushkin        Steve Downie             13     1   2  2  

5 vs 5 Defense 
   Defense                  Defense                                           Time % Phy DF OF 
 1 Dion Phaneuf             Johnny Boychuk                                    35     1   2  2  
 2 Zach Bogosian            Jake Gardiner                                     30     1   2  2  
 3 John-Michael Liles       Johnny Oduya                                      22     1   2  2  
 4 Dion Phaneuf             Zach Bogosian                                     13     1   2  2  

PowerPlay Forward 
   Center                   Left Wing                Right Wing               Time % Phy DF OF 
 1 Jonathan Toews           Boone Jenner             Phil Kessel              60     1   2  2  
 2 Kyle Turris              Loui Eriksson            Jarome Iginla            40     1   2  2  

PowerPlay Defense
   Defense                  Defense                                           Time % Phy DF OF 
 1 Dion Phaneuf             Johnny Boychuk                                    60     1   2  2  
 2 Zach Bogosian            Jake Gardiner                                     40     1   2  2  

Penalty Kill 4 Players Forward 
   Center                   Wing                     Time % Phy DF OF 
 1 Dave Bolland             Michael Grabner          60     1   2  2  
 2 Jonathan Toews           Boone Jenner             40     1   2  2  

Penalty Kill 4 Players Defense
   Defense                  Defense                  Time % Phy DF OF 
 1 Dion Phaneuf             Johnny Boychuk           60     1   2  2  
 2 Zach Bogosian            Johnny Oduya             40     1   2  2  

Penalty Kill - 3 Players Forward 
   Forward                                           Time % Phy DF OF 
 1 Jonathan Toews                                    60     1   2  2  
 2 Jarome Iginla                                     40     1   2  2  

Penalty Kill - 3 Players Defense
   Defense                  Defense                  Time % Phy DF OF 
 1 Dion Phaneuf             Zach Bogosian            60     1   2  2  
 2 John-Michael Liles       Johnny Oduya             40     1   2  2  

4 vs 4 Forward 
   Center                   Wing                     Time % Phy DF OF 
 1 Jonathan Toews           Jarome Iginla            60     1   2  2  
 2 Kyle Turris              Phil Kessel              40     1   2  2  

4 vs 4 Defense
   Defense                  Defense                  Time % Phy DF OF 
 1 Dion Phaneuf             Zach Bogosian            60     1   2  2  
 2 Jake Gardiner            Johnny Oduya             40     1   2  2  

Last Minutes Offensive
   Center                   Left Wing                Right Wing               Defense                  Defense                  
   Jonathan Toews           Loui Eriksson            Jarome Iginla            Dion Phaneuf             Zach Bogosian            

Last Minutes Defensive
   Center                   Left Wing                Right Wing               Defense                  Defense                  
   Jonathan Toews           Loui Eriksson            Jarome Iginla            Dion Phaneuf             Zach Bogosian            

Goaltenders
Starting : Steve Mason              
Backup : Jacob Markstrom          

Extra Forwards
Normal : Jonathan Toews, Michael Grabner, Dave Bolland - PP : Jonathan Toews, Michael Grabner - PK : Dave Bolland
Extra Defensemen
Normal : John-Michael Liles, Zach Bogosian, Dion Phaneuf - PP : John-Michael Liles - PK : Zach Bogosian, Dion Phaneuf
Penalty Shots
Jonathan Toews, Jarome Iginla, Kyle Turris, Phil Kessel, Loui Eriksson

Hurricanes

5 vs 5 Forward 
   Center                   Left Wing                Right Wing               Time % Phy DF OF 
 1 Mike Fisher              Josh Bailey              Marian Gaborik           28     0   2  3  
 2 Eric Staal               Kris Versteeg            Jiri Hudler              27     0   2  3  
 3 Martin Hanzal            Mikhail Grabovski        Matt Read                25     0   2  3  
 4 Brian Flynn              Viktor Stalberg          Stephen Gionta           20     0   2  3  

5 vs 5 Defense 
   Defense                  Defense                                           Time % Phy DF OF 
 1 Jared Spurgeon           Stephane Robidas                                  35     0   2  3  
 2 Thomas Hickey            Marco Scandella                                   35     0   2  3  
 3 Fedor Tyutin             Mike Weaver                                       30     1   2  2  
 4 Jared Spurgeon           Stephane Robidas                                  0      0   2  3  

PowerPlay Forward 
   Center                   Left Wing                Right Wing               Time % Phy DF OF 
 1 Mike Fisher              Josh Bailey              Marian Gaborik           50     0   1  4  
 2 Eric Staal               Kris Versteeg            Jiri Hudler              50     0   1  4  

PowerPlay Defense
   Defense                  Defense                                           Time % Phy DF OF 
 1 Jared Spurgeon           Stephane Robidas                                  50     0   1  4  
 2 Thomas Hickey            Marco Scandella                                   50     0   1  4  

Penalty Kill 4 Players Forward 
   Center                   Wing                     Time % Phy DF OF 
 1 Brian Flynn              Stephen Gionta           50     0   4  1  
 2 Martin Hanzal            Matt Read                50     0   4  1  

Penalty Kill 4 Players Defense
   Defense                  Defense                  Time % Phy DF OF 
 1 Fedor Tyutin             Mike Weaver              50     1   4  0  
 2 Jared Spurgeon           Stephane Robidas         50     1   4  0  

Penalty Kill - 3 Players Forward 
   Forward                                           Time % Phy DF OF 
 1 Brian Flynn                                       50     0   5  0  
 2 Martin Hanzal                                     50     0   5  0  

Penalty Kill - 3 Players Defense
   Defense                  Defense                  Time % Phy DF OF 
 1 Fedor Tyutin             Mike Weaver              50     1   4  0  
 2 Jared Spurgeon           Stephane Robidas         50     1   4  0  

4 vs 4 Forward 
   Center                   Wing                     Time % Phy DF OF 
 1 Mike Fisher              Marian Gaborik           50     0   3  2  
 2 Eric Staal               Jiri Hudler              50     0   3  2  

4 vs 4 Defense
   Defense                  Defense                  Time % Phy DF OF 
 1 Jared Spurgeon           Stephane Robidas         50     0   2  3  
 2 Thomas Hickey            Marco Scandella          50     0   2  3  

Last Minutes Offensive
   Center                   Left Wing                Right Wing               Defense                  Defense                  
   Mike Fisher              Jiri Hudler              Marian Gaborik           Jared Spurgeon           Marco Scandella          

Last Minutes Defensive
   Center                   Left Wing                Right Wing               Defense                  Defense                  
   Mike Fisher              Brian Flynn              Stephen Gionta           Fedor Tyutin             Mike Weaver              

Goaltenders
Starting : Jonas Hiller             
Backup : John Muse                

Extra Forwards
Normal : Mike Fisher, Jiri Hudler, Marian Gaborik - PP : Marian Gaborik, Jiri Hudler - PK : Brian Flynn
Extra Defensemen
Normal : Jared Spurgeon, Fedor Tyutin, Marco Scandella - PP : Fedor Tyutin - PK : Marco Scandella, Fedor Tyutin
Penalty Shots
Fedor Tyutin, Brian Flynn, Marian Gaborik, Josh Bailey, Jiri Hudler

% Time on Ice - Senators

Lines # - Real PCT - Wanted PCT - Time Play
Normal Forward
1 - 32% - 35% - 14:05
2 - 29% - 30% - 12:27
3 - 22% - 22% - 9:36
4 - 17% - 13% - 7:31
Normal Defense
1 - 38% - 35% - 16:30
2 - 26% - 30% - 11:27
3 - 29% - 22% - 12:27
4 - 7% - 13% - 3:15
PP Forward
1 - 46% - 60% - 2:51
2 - 54% - 40% - 3:19
PP Defense
1 - 53% - 60% - 3:17
2 - 47% - 40% - 2:53
PK Forward
1 - 89% - 60% - 5:51
2 - 11% - 40% - 0:43
PK Defense
1 - 87% - 60% - 5:42
2 - 13% - 40% - 0:52
PK3 Forward
1 - 99% - 60% - 2:50
2 - 1% - 40% - 0:02
PK3 Defense
1 - 64% - 60% - 1:50
2 - 36% - 40% - 1:02
44 Forward
1 - 0% - 60%
2 - 0% - 40%
44 Defense
1 - 0% - 60%
2 - 0% - 40%
Last Minute Offensive  - 0:00
Last Minute Defensive  - 0:45
Total
Forward - 60:00
Defense - 60:00

% Time on Ice - Hurricanes

Lines # - Real PCT - Wanted PCT - Time Play
Normal Forward
1 - 27% - 28% - 11:56
2 - 27% - 27% - 11:43
3 - 26% - 25% - 11:26
4 - 20% - 20% - 8:34
Normal Defense
1 - 33% - 35% - 14:23
2 - 36% - 35% - 15:48
3 - 31% - 30% - 13:28
4 - 0% - 0% - 0:00
PP Forward
1 - 48% - 50% - 4:29
2 - 52% - 50% - 4:57
PP Defense
1 - 46% - 50% - 4:20
2 - 54% - 50% - 5:06
PK Forward
1 - 44% - 50% - 2:43
2 - 56% - 50% - 3:27
PK Defense
1 - 50% - 50% - 3:04
2 - 50% - 50% - 3:06
PK3 Forward
1 - 0% - 50%
2 - 0% - 50%
PK3 Defense
1 - 0% - 50%
2 - 0% - 50%
44 Forward
1 - 0% - 50%
2 - 0% - 50%
44 Defense
1 - 0% - 50%
2 - 0% - 50%
Last Minute Offensive  - 0:45
Last Minute Defensive  - 0:00
Total
Forward - 60:00
Defense - 60:00

Play by Play

1st period


0:01 of 1st period - Jonathan Toews wins face-off versus Josh Bailey in neutral zone.
0:18 of 1st period - Wrist shot by Jonathan Toews.
0:18 of 1st period - Stopped by Jonas Hiller with a rebound.
0:22 of 1st period - Snap shot by Phil Kessel.
0:22 of 1st period - Stopped by Jonas Hiller with a rebound.
0:24 of 1st period - Backhand shot by Dion Phaneuf.
0:24 of 1st period - Stopped by Jonas Hiller without a rebound.
0:25 of 1st period - Kyle Turris wins face-off versus Eric Staal in Hurricanes zone.
0:41 of 1st period - Icing by Marco Scandella.
0:42 of 1st period - Eric Staal wins face-off versus Kyle Turris in Hurricanes zone.
0:55 of 1st period - Marco Scandella is hit by Zach Bogosian and loses puck.
1:04 of 1st period - Wrist shot by Loui Eriksson.
1:04 of 1st period - Shot Misses the Net.
1:22 of 1st period - Zach Bogosian is hit by Marco Scandella and loses puck.
1:33 of 1st period - Marco Scandella is hit by Kyle Chipchura and loses puck.
2:14 of 1st period - Slapshot by Phil Kessel.
2:14 of 1st period - Deflect By Martin Hanzal.
2:14 of 1st period - Shot Blocked by Matt Read.
2:14 of 1st period - Puck is out of play.
2:15 of 1st period - Martin Hanzal wins face-off versus Jonathan Toews in Hurricanes zone.
2:15 of 1st period - Martin Hanzal is hit by Johnny Boychuk.
2:30 of 1st period - Minor Penalty to Johnny Boychuk for Cross-checking.
2:31 of 1st period - Mike Fisher wins face-off versus Dave Bolland in Senators zone.
2:31 of 1st period - Wrist shot by Marian Gaborik.
2:31 of 1st period - Goal by Marian Gaborik - Senators : 0 - Hurricanes : 1.
2:32 of 1st period - Dave Bolland wins face-off versus Brian Flynn in neutral zone.
2:45 of 1st period - Wrist shot by Dave Bolland.
2:45 of 1st period - Shot Hit the Post.
2:47 of 1st period - Slapshot by Dion Phaneuf.
2:47 of 1st period - Stopped by Jonas Hiller without a rebound.
2:48 of 1st period - Brian Flynn wins face-off versus Dave Bolland in Hurricanes zone.
2:48 of 1st period - Brian Flynn is hit by Dion Phaneuf.
2:58 of 1st period - Wrist shot by Valeri Nichushkin.
2:58 of 1st period - Stopped by Jonas Hiller with a rebound.
3:00 of 1st period - Slapshot by Zach Bogosian.
3:00 of 1st period - Deflect By Jared Spurgeon.
3:00 of 1st period - Stopped by Jonas Hiller with a rebound.
3:02 of 1st period - Slapshot by Dion Phaneuf.
3:02 of 1st period - Deflect By Steve Downie.
3:02 of 1st period - Shot Misses the Net.
3:02 of 1st period - Puck is out of play.
3:03 of 1st period - Mike Fisher wins face-off versus Jonathan Toews in Hurricanes zone.
3:03 of 1st period - Mike Fisher is hit by Johnny Boychuk.
3:25 of 1st period - Snap shot by Phil Kessel.
3:25 of 1st period - Shot Blocked by Mike Weaver.
3:27 of 1st period - Snap shot by Boone Jenner.
3:27 of 1st period - Stopped by Jonas Hiller without a rebound.
3:28 of 1st period - Kyle Turris wins face-off versus Martin Hanzal in Hurricanes zone.
4:47 of 1st period - Marco Scandella is hit by John-Michael Liles and loses puck.
5:29 of 1st period - Icing by Johnny Boychuk.
5:30 of 1st period - Jonathan Toews wins face-off versus Brian Flynn in Senators zone.
6:01 of 1st period - Backhand shot by Viktor Stalberg.
6:01 of 1st period - Shot Misses the Net.
6:07 of 1st period - Brian Flynn is hit by Valeri Nichushkin.
6:17 of 1st period - Jared Spurgeon is hit by Dion Phaneuf and loses puck.
6:34 of 1st period - Jiri Hudler is hit by Steve Downie and loses puck.
7:16 of 1st period - Wrist shot by Loui Eriksson.
7:16 of 1st period - Goal by Loui Eriksson - Senators : 1 - Hurricanes : 1.
7:17 of 1st period - Martin Hanzal wins face-off versus Jonathan Toews in neutral zone.
7:20 of 1st period - Slapshot by Martin Hanzal.
7:20 of 1st period - Stopped by Steve Mason without a rebound.
7:21 of 1st period - Martin Hanzal wins face-off versus Jonathan Toews in Senators zone.
7:49 of 1st period - Slapshot by Phil Kessel.
7:49 of 1st period - Shot Misses the Net.
8:19 of 1st period - Michael Grabner is hit by Mike Fisher and loses puck.
8:30 of 1st period - Wrist shot by Marian Gaborik.
8:30 of 1st period - Stopped by Steve Mason with a rebound.
8:45 of 1st period - Slapshot by Kyle Chipchura.
8:45 of 1st period - Shot Blocked by Mike Fisher.
8:49 of 1st period - Wrist shot by Kyle Chipchura.
8:49 of 1st period - Shot Misses the Net.
9:01 of 1st period - Jarome Iginla is hit by Mike Fisher and loses puck.
9:19 of 1st period - Stephane Robidas is hit by Kyle Turris.
9:27 of 1st period - Stephane Robidas is hit by Dion Phaneuf and loses puck.
9:58 of 1st period - Snap shot by Steve Downie.
9:58 of 1st period - Shot Misses the Net.
10:16 of 1st period - Wrist shot by Eric Staal.
10:16 of 1st period - Shot Misses the Net.
10:38 of 1st period - Snap shot by Jiri Hudler.
10:38 of 1st period - Shot Misses the Net.
10:40 of 1st period - Slapshot by Thomas Hickey.
10:40 of 1st period - Deflect By Eric Staal.
10:40 of 1st period - Shot Blocked by John-Michael Liles.
10:40 of 1st period - Puck is out of play.
10:41 of 1st period - Martin Hanzal wins face-off versus Jonathan Toews in Senators zone.
10:49 of 1st period - Minor Penalty to Zach Bogosian for Roughing.
10:50 of 1st period - Eric Staal wins face-off versus Dave Bolland in Senators zone.
11:12 of 1st period - Wrist shot by Jiri Hudler.
11:12 of 1st period - Deflect By Eric Staal.
11:12 of 1st period - Goal by Eric Staal - Senators : 1 - Hurricanes : 2.
11:13 of 1st period - Jonathan Toews wins face-off versus Martin Hanzal in neutral zone.
11:23 of 1st period - Snap shot by Matt Read.
11:23 of 1st period - Shot Misses the Net.
11:33 of 1st period - Snap shot by Martin Hanzal.
11:33 of 1st period - Stopped by Steve Mason with a rebound.
11:35 of 1st period - Wrist shot by Mikhail Grabovski.
11:35 of 1st period - Shot Blocked by Boone Jenner.
11:37 of 1st period - Slapshot by Marco Scandella.
11:37 of 1st period - Deflect By Dion Phaneuf.
11:37 of 1st period - Stopped by Steve Mason with a rebound.
12:07 of 1st period - Kyle Turris is hit by Eric Staal and loses puck.
12:15 of 1st period - Minor Penalty to Marco Scandella for Roughing.
12:16 of 1st period - Kyle Turris wins face-off versus Brian Flynn in Hurricanes zone.
12:46 of 1st period - Slapshot by Martin Hanzal.
12:46 of 1st period - Shot Blocked by Dion Phaneuf.
12:52 of 1st period - Wrist shot by Matt Read.
12:52 of 1st period - Stopped by Steve Mason with a rebound.
12:54 of 1st period - Slapshot by Mike Weaver.
12:54 of 1st period - Stopped by Steve Mason with a rebound.
13:28 of 1st period - Wrist shot by Stephen Gionta.
13:28 of 1st period - Shot Misses the Net.
13:40 of 1st period - Martin Hanzal is hit by Jonathan Toews and loses puck.
14:03 of 1st period - Snap shot by Phil Kessel.
14:03 of 1st period - Deflect By Boone Jenner.
14:03 of 1st period - Goal by Boone Jenner - Senators : 2 - Hurricanes : 2.
14:04 of 1st period - Mike Fisher wins face-off versus Michael Grabner in neutral zone.
14:09 of 1st period - Snap shot by Marian Gaborik.
14:09 of 1st period - Stopped by Steve Mason with a rebound.
15:12 of 1st period - Snap shot by Loui Eriksson.
15:12 of 1st period - Stopped by Jonas Hiller with a rebound.
15:14 of 1st period - Slapshot by Johnny Oduya.
15:14 of 1st period - Shot Blocked by Marco Scandella.
15:16 of 1st period - Snap shot by Jarome Iginla.
15:16 of 1st period - Stopped by Jonas Hiller without a rebound.
15:17 of 1st period - Jonathan Toews wins face-off versus Brian Flynn in Hurricanes zone.
15:20 of 1st period - Snap shot by Jonathan Toews.
15:20 of 1st period - Stopped by Jonas Hiller with a rebound.
15:22 of 1st period - Snap shot by Phil Kessel.
15:22 of 1st period - Shot Misses the Net.
15:24 of 1st period - Slapshot by Johnny Oduya.
15:24 of 1st period - Shot Blocked by Stephane Robidas.
15:26 of 1st period - Wrist shot by Phil Kessel.
15:26 of 1st period - Stopped by Jonas Hiller with a rebound.
15:28 of 1st period - Wrist shot by Boone Jenner.
15:28 of 1st period - Stopped by Jonas Hiller with a rebound.
15:30 of 1st period - Slapshot by John-Michael Liles.
15:30 of 1st period - Shot Misses the Net.
15:42 of 1st period - Snap shot by Boone Jenner.
15:42 of 1st period - Shot Hit the Post.
16:26 of 1st period - Wrist shot by Mikhail Grabovski.
16:26 of 1st period - Shot Misses the Net.
16:28 of 1st period - Slapshot by Fedor Tyutin.
16:28 of 1st period - Shot Blocked by Dion Phaneuf.
16:30 of 1st period - Wrist shot by Mike Weaver.
16:30 of 1st period - Shot Blocked by Dion Phaneuf.
16:48 of 1st period - Wrist shot by Marian Gaborik.
16:48 of 1st period - Shot Misses the Net.
16:50 of 1st period - Snap shot by Josh Bailey.
16:50 of 1st period - Stopped by Steve Mason with a rebound.
16:52 of 1st period - Snap shot by Mike Weaver.
16:52 of 1st period - Shot Blocked by Johnny Boychuk.
16:54 of 1st period - Wrist shot by Mike Weaver.
16:54 of 1st period - Deflect By Mike Fisher.
16:54 of 1st period - Stopped by Steve Mason without a rebound.
16:55 of 1st period - Kyle Turris wins face-off versus Mike Fisher in Senators zone.
17:24 of 1st period - Slapshot by Kyle Turris.
17:24 of 1st period - Stopped by Jonas Hiller without a rebound.
17:25 of 1st period - Jonathan Toews wins face-off versus Eric Staal in Hurricanes zone.
17:42 of 1st period - Jared Spurgeon is hit by Boone Jenner.
18:19 of 1st period - John-Michael Liles is hit by Brian Flynn and loses puck.
18:54 of 1st period - Mikhail Grabovski is hit by Kyle Chipchura and loses puck.
19:30 of 1st period - Snap shot by Loui Eriksson.
19:30 of 1st period - Shot Misses the Net.
Goals for this period are 2 for Senators vs 2 for Hurricanes.
Shots for this period are 15 for Senators vs 11 for Hurricanes.

2nd period


0:01 of 2nd period - Jonathan Toews wins face-off versus Eric Staal in neutral zone.
1:04 of 2nd period - Minor Penalty to Jarome Iginla for Holding.
1:05 of 2nd period - Mike Fisher wins face-off versus Dave Bolland in Senators zone.
2:24 of 2nd period - Michael Grabner is hit by Thomas Hickey and loses puck.
3:04 of 2nd period - Penalty to Jarome Iginla is over, Jarome Iginla is back on ice.
3:09 of 2nd period - Snap shot by Marian Gaborik.
3:09 of 2nd period - Stopped by Steve Mason with a rebound.
3:11 of 2nd period - Snap shot by Jared Spurgeon.
3:11 of 2nd period - Stopped by Steve Mason without a rebound.
3:12 of 2nd period - Kyle Turris wins face-off versus Marian Gaborik in Senators zone.
3:39 of 2nd period - Zach Bogosian is hit by Mike Weaver and loses puck.
3:46 of 2nd period - Snap shot by Jarome Iginla.
3:46 of 2nd period - Stopped by Jonas Hiller with a rebound.
4:06 of 2nd period - Brian Flynn is hit by Phil Kessel and loses puck.
4:37 of 2nd period - Wrist shot by Stephen Gionta.
4:37 of 2nd period - Stopped by Steve Mason without a rebound.
4:38 of 2nd period - Joe Colborne wins face-off versus Martin Hanzal in Senators zone.
4:48 of 2nd period - Wrist shot by Matt Read.
4:48 of 2nd period - Stopped by Steve Mason without a rebound.
4:49 of 2nd period - Martin Hanzal wins face-off versus Joe Colborne in Senators zone.
5:42 of 2nd period - Snap shot by Kris Versteeg.
5:42 of 2nd period - Shot Blocked by Loui Eriksson.
5:59 of 2nd period - Kyle Turris is hit by Kris Versteeg and loses puck.
6:24 of 2nd period - Slapshot by Stephen Gionta.
6:24 of 2nd period - Stopped by Steve Mason without a rebound.
6:25 of 2nd period - Brian Flynn wins face-off versus Jonathan Toews in Senators zone.
6:52 of 2nd period - Slapshot by Viktor Stalberg.
6:52 of 2nd period - Shot Misses the Net.
7:01 of 2nd period - Icing by Dion Phaneuf.
7:02 of 2nd period - Jonathan Toews wins face-off versus Martin Hanzal in Senators zone.
7:09 of 2nd period - Snap shot by Phil Kessel.
7:09 of 2nd period - Shot Blocked by Thomas Hickey.
7:24 of 2nd period - Wrist shot by Marco Scandella.
7:24 of 2nd period - Shot Blocked by Johnny Boychuk.
7:26 of 2nd period - Wrist shot by Matt Read.
7:26 of 2nd period - Shot Misses the Net.
7:28 of 2nd period - Wrist shot by Mikhail Grabovski.
7:28 of 2nd period - Shot Misses the Net.
7:38 of 2nd period - Wrist shot by Martin Hanzal.
7:38 of 2nd period - Shot Misses the Net.
7:40 of 2nd period - Wrist shot by Matt Read.
7:40 of 2nd period - Stopped by Steve Mason with a rebound.
8:21 of 2nd period - Slapshot by Valeri Nichushkin.
8:21 of 2nd period - Shot Misses the Net.
8:23 of 2nd period - Slapshot by Jake Gardiner.
8:23 of 2nd period - Stopped by Jonas Hiller without a rebound.
8:24 of 2nd period - Eric Staal wins face-off versus Michael Grabner in Hurricanes zone.
8:29 of 2nd period - Wrist shot by Joe Colborne.
8:29 of 2nd period - Shot Blocked by Stephane Robidas.
8:31 of 2nd period - Slapshot by Zach Bogosian.
8:31 of 2nd period - Shot Misses the Net.
8:33 of 2nd period - Slapshot by Zach Bogosian.
8:33 of 2nd period - Stopped by Jonas Hiller with a rebound.
9:11 of 2nd period - John-Michael Liles is hit by Stephen Gionta and loses puck.
9:18 of 2nd period - Slapshot by Viktor Stalberg.
9:18 of 2nd period - Deflect By Loui Eriksson.
9:18 of 2nd period - Shot Misses the Net.
9:18 of 2nd period - Puck is out of play.
9:19 of 2nd period - Brian Flynn wins face-off versus Loui Eriksson in Senators zone.
9:36 of 2nd period - Wrist shot by Stephen Gionta.
9:36 of 2nd period - Stopped by Steve Mason with a rebound.
9:38 of 2nd period - Slapshot by Mike Weaver.
9:38 of 2nd period - Shot Misses the Net.
9:40 of 2nd period - Snap shot by Brian Flynn.
9:40 of 2nd period - Stopped by Steve Mason with a rebound.
9:42 of 2nd period - Slapshot by Fedor Tyutin.
9:42 of 2nd period - Deflect By Stephen Gionta.
9:42 of 2nd period - Shot Misses the Net.
9:42 of 2nd period - Puck is out of play.
9:43 of 2nd period - Mike Fisher wins face-off versus Dave Bolland in Senators zone.
10:35 of 2nd period - Dion Phaneuf is hit by Eric Staal and loses puck.
10:50 of 2nd period - Snap shot by Michael Grabner.
10:50 of 2nd period - Shot Misses the Net.
11:12 of 2nd period - Jared Spurgeon is hit by John-Michael Liles and loses puck.
11:31 of 2nd period - Slapshot by Phil Kessel.
11:31 of 2nd period - Shot Blocked by Jared Spurgeon.
11:33 of 2nd period - Slapshot by Boone Jenner.
11:33 of 2nd period - Shot Blocked by Stephane Robidas.
11:35 of 2nd period - Snap shot by Boone Jenner.
11:35 of 2nd period - Shot Blocked by Jared Spurgeon.
11:41 of 2nd period - Wrist shot by Phil Kessel.
11:41 of 2nd period - Stopped by Jonas Hiller without a rebound.
11:42 of 2nd period - Kyle Turris wins face-off versus Brian Flynn in Hurricanes zone.
12:03 of 2nd period - Snap shot by Marco Scandella.
12:03 of 2nd period - Stopped by Steve Mason without a rebound.
12:04 of 2nd period - Valeri Nichushkin wins face-off versus Mike Fisher in Senators zone.
12:15 of 2nd period - Snap shot by Valeri Nichushkin.
12:15 of 2nd period - Stopped by Jonas Hiller without a rebound.
12:16 of 2nd period - Mike Fisher wins face-off versus Dave Bolland in Hurricanes zone.
12:29 of 2nd period - Wrist shot by Marian Gaborik.
12:29 of 2nd period - Shot Misses the Net.
12:31 of 2nd period - Wrist shot by Mike Fisher.
12:31 of 2nd period - Stopped by Steve Mason without a rebound.
12:32 of 2nd period - Eric Staal wins face-off versus Jonathan Toews in Senators zone.
12:55 of 2nd period - Zach Bogosian is hit by Kris Versteeg and loses puck.
13:10 of 2nd period - Snap shot by Phil Kessel.
13:10 of 2nd period - Stopped by Jonas Hiller with a rebound.
13:26 of 2nd period - Loui Eriksson is hit by Marco Scandella and loses puck.
13:55 of 2nd period - Slapshot by Marian Gaborik.
13:55 of 2nd period - Shot Blocked by Kyle Turris.
13:57 of 2nd period - Slapshot by Fedor Tyutin.
13:57 of 2nd period - Shot Blocked by Zach Bogosian.
14:13 of 2nd period - Michael Grabner is hit by Fedor Tyutin.
14:19 of 2nd period - Joe Colborne is hit by Fedor Tyutin and loses puck.
14:26 of 2nd period - Snap shot by Martin Hanzal.
14:26 of 2nd period - Deflect By Matt Read.
14:26 of 2nd period - Shot Misses the Net.
14:26 of 2nd period - Puck is out of play.
14:27 of 2nd period - Brian Flynn wins face-off versus Joe Colborne in Senators zone.
14:31 of 2nd period - Slapshot by Jared Spurgeon.
14:31 of 2nd period - Shot Blocked by Kyle Chipchura.
14:40 of 2nd period - Minor Penalty to Kyle Chipchura for Interference.
14:41 of 2nd period - Dave Bolland wins face-off versus Eric Staal in Senators zone.
15:13 of 2nd period - Minor Penalty to Dion Phaneuf for High sticking.
15:14 of 2nd period - Jonathan Toews wins face-off versus Marian Gaborik in Senators zone.
15:24 of 2nd period - Wrist shot by Marian Gaborik.
15:24 of 2nd period - Deflect By Josh Bailey.
15:24 of 2nd period - Shot Misses the Net.
15:24 of 2nd period - Puck is out of play.
15:25 of 2nd period - Mike Fisher wins face-off versus Jonathan Toews in Senators zone.
16:29 of 2nd period - Wrist shot by Jonathan Toews.
16:29 of 2nd period - Stopped by Jonas Hiller without a rebound.
16:30 of 2nd period - Jonathan Toews wins face-off versus Eric Staal in Hurricanes zone.
16:37 of 2nd period - Johnny Oduya is hit by Eric Staal.
16:40 of 2nd period - Penalty to Kyle Chipchura is over, Kyle Chipchura is back on ice.
17:13 of 2nd period - Penalty to Dion Phaneuf is over, Dion Phaneuf is back on ice.
17:20 of 2nd period - Snap shot by Mike Fisher.
17:20 of 2nd period - Shot Misses the Net.
17:22 of 2nd period - Wrist shot by Mike Weaver.
17:22 of 2nd period - Deflect By Dion Phaneuf.
17:22 of 2nd period - Stopped by Steve Mason with a rebound.
17:24 of 2nd period - Slapshot by Mike Weaver.
17:24 of 2nd period - Stopped by Steve Mason without a rebound.
17:25 of 2nd period - Martin Hanzal wins face-off versus Kyle Turris in Senators zone.
17:26 of 2nd period - Slapshot by Mikhail Grabovski.
17:26 of 2nd period - Deflect By Martin Hanzal.
17:26 of 2nd period - Goal by Martin Hanzal - Senators : 2 - Hurricanes : 3.
17:27 of 2nd period - Kyle Turris wins face-off versus Martin Hanzal in neutral zone.
17:41 of 2nd period - Thomas Hickey is hit by Loui Eriksson and loses puck.
17:51 of 2nd period - Icing by Martin Hanzal.
17:52 of 2nd period - Matt Read wins face-off versus Joe Colborne in Hurricanes zone.
18:01 of 2nd period - Snap shot by Michael Grabner.
18:01 of 2nd period - Stopped by Jonas Hiller with a rebound.
18:03 of 2nd period - Slapshot by Joe Colborne.
18:03 of 2nd period - Stopped by Jonas Hiller without a rebound.
18:04 of 2nd period - Eric Staal wins face-off versus Joe Colborne in Hurricanes zone.
18:04 of 2nd period - Eric Staal is hit by Jake Gardiner.
18:48 of 2nd period - Zach Bogosian is hit by Kris Versteeg and loses puck.
19:00 of 2nd period - Off-side.
19:01 of 2nd period - Mike Fisher wins face-off versus Jonathan Toews in neutral zone.
19:14 of 2nd period - Wrist shot by Marian Gaborik.
19:14 of 2nd period - Stopped by Steve Mason with a rebound.
19:16 of 2nd period - Backhand shot by Thomas Hickey.
19:16 of 2nd period - Shot Blocked by Dion Phaneuf.
19:22 of 2nd period - Wrist shot by Marian Gaborik.
19:22 of 2nd period - Deflect By Mike Fisher.
19:22 of 2nd period - Shot Blocked by Dion Phaneuf.
19:22 of 2nd period - Puck is out of play.
19:23 of 2nd period - Martin Hanzal wins face-off versus Kyle Turris in Senators zone.
Goals for this period are 0 for Senators vs 1 for Hurricanes.
Shots for this period are 9 for Senators vs 14 for Hurricanes.

3rd period


0:01 of 3rd period - Eric Staal wins face-off versus Jonathan Toews in neutral zone.
0:05 of 3rd period - Minor Penalty to Dion Phaneuf for Roughing.
0:06 of 3rd period - Dave Bolland wins face-off versus Mike Fisher in Senators zone.
0:28 of 3rd period - Snap shot by Marian Gaborik.
0:28 of 3rd period - Stopped by Steve Mason with a rebound.
0:30 of 3rd period - Slapshot by Stephane Robidas.
0:30 of 3rd period - Shot Misses the Net.
0:32 of 3rd period - Slapshot by Jared Spurgeon.
0:32 of 3rd period - Shot Misses the Net.
0:34 of 3rd period - Slapshot by Stephane Robidas.
0:34 of 3rd period - Stopped by Steve Mason without a rebound.
0:35 of 3rd period - Dave Bolland wins face-off versus Eric Staal in Senators zone.
0:35 of 3rd period - Dave Bolland is hit by Eric Staal.
0:38 of 3rd period - Minor Penalty to Dave Bolland for Interference.
0:39 of 3rd period - Eric Staal wins face-off versus Jonathan Toews in Senators zone.
1:31 of 3rd period - Johnny Oduya is hit by Josh Bailey and loses puck.
1:52 of 3rd period - Mike Fisher is hit by Zach Bogosian and loses puck.
2:05 of 3rd period - Penalty to Dion Phaneuf is over, Dion Phaneuf is back on ice.
2:38 of 3rd period - Penalty to Dave Bolland is over, Dave Bolland is back on ice.
3:22 of 3rd period - Snap shot by Viktor Stalberg.
3:22 of 3rd period - Stopped by Steve Mason with a rebound.
5:44 of 3rd period - Minor Penalty to Dion Phaneuf for Hooking.
5:45 of 3rd period - Dave Bolland wins face-off versus Eric Staal in Senators zone.
6:47 of 3rd period - Wrist shot by Boone Jenner.
6:47 of 3rd period - Stopped by Jonas Hiller with a rebound.
6:53 of 3rd period - John-Michael Liles is hit by Marco Scandella and loses puck.
7:44 of 3rd period - Penalty to Dion Phaneuf is over, Dion Phaneuf is back on ice.
7:57 of 3rd period - Snap shot by Loui Eriksson.
7:57 of 3rd period - Shot Blocked by Brian Flynn.
7:59 of 3rd period - Wrist shot by Loui Eriksson.
7:59 of 3rd period - Goal by Loui Eriksson - Senators : 3 - Hurricanes : 3.
8:00 of 3rd period - Kyle Turris wins face-off versus Martin Hanzal in neutral zone.
8:57 of 3rd period - Slapshot by Phil Kessel.
8:57 of 3rd period - Shot Misses the Net.
9:03 of 3rd period - Slapshot by Phil Kessel.
9:03 of 3rd period - Shot Blocked by Martin Hanzal.
9:24 of 3rd period - Minor Penalty to Eric Staal for High sticking.
9:25 of 3rd period - Brian Flynn wins face-off versus Jarome Iginla in Hurricanes zone.
9:30 of 3rd period - Slapshot by Jared Spurgeon.
9:30 of 3rd period - Shot Blocked by Dion Phaneuf.
9:48 of 3rd period - Snap shot by Loui Eriksson.
9:48 of 3rd period - Goal by Loui Eriksson - Senators : 4 - Hurricanes : 3.
9:49 of 3rd period - Mike Fisher wins face-off versus Dave Bolland in neutral zone.
9:54 of 3rd period - Wrist shot by Marian Gaborik.
9:54 of 3rd period - Deflect By Mike Fisher.
9:54 of 3rd period - Stopped by Steve Mason with a rebound.
10:04 of 3rd period - Wrist shot by Mike Fisher.
10:04 of 3rd period - Shot Blocked by John-Michael Liles.
10:06 of 3rd period - Slapshot by Marco Scandella.
10:06 of 3rd period - Stopped by Steve Mason with a rebound.
10:08 of 3rd period - Wrist shot by Mike Fisher.
10:08 of 3rd period - Shot Blocked by John-Michael Liles.
10:10 of 3rd period - Snap shot by Marco Scandella.
10:10 of 3rd period - Stopped by Steve Mason without a rebound.
10:11 of 3rd period - Eric Staal wins face-off versus Jonathan Toews in Senators zone.
10:44 of 3rd period - Wrist shot by Eric Staal.
10:44 of 3rd period - Stopped by Steve Mason with a rebound.
10:46 of 3rd period - Slapshot by Stephane Robidas.
10:46 of 3rd period - Shot Misses the Net.
11:05 of 3rd period - Icing by Jared Spurgeon.
11:06 of 3rd period - Joe Colborne wins face-off versus Viktor Stalberg in Hurricanes zone.
11:30 of 3rd period - Kyle Chipchura is hit by Stephane Robidas.
12:48 of 3rd period - Minor Penalty to Martin Hanzal for High sticking.
12:49 of 3rd period - Brian Flynn wins face-off versus Jonathan Toews in Hurricanes zone.
13:26 of 3rd period - Snap shot by Phil Kessel.
13:26 of 3rd period - Shot Misses the Net.
13:58 of 3rd period - Brian Flynn is hit by Boone Jenner and loses puck.
14:25 of 3rd period - Stephane Robidas is hit by Jarome Iginla and loses puck.
14:48 of 3rd period - Penalty to Martin Hanzal is over, Martin Hanzal is back on ice.
14:50 of 3rd period - Wrist shot by Phil Kessel.
14:50 of 3rd period - Shot Misses the Net.
14:52 of 3rd period - Slapshot by Johnny Boychuk.
14:52 of 3rd period - Deflect By Phil Kessel.
14:52 of 3rd period - Shot Misses the Net.
14:52 of 3rd period - Puck is out of play.
14:53 of 3rd period - Mike Fisher wins face-off versus Jonathan Toews in Hurricanes zone.
15:07 of 3rd period - Minor Penalty to Marco Scandella for Holding.
15:08 of 3rd period - Brian Flynn wins face-off versus Jarome Iginla in Hurricanes zone.
16:05 of 3rd period - Fedor Tyutin is hit by Boone Jenner and loses puck.
16:44 of 3rd period - Jared Spurgeon is hit by Dion Phaneuf and loses puck.
17:07 of 3rd period - Penalty to Marco Scandella is over, Marco Scandella is back on ice.
17:27 of 3rd period - Wrist shot by Joe Colborne.
17:27 of 3rd period - Shot Misses the Net.
17:29 of 3rd period - Slapshot by Johnny Oduya.
17:29 of 3rd period - Shot Blocked by Martin Hanzal.
17:59 of 3rd period - Wrist shot by Valeri Nichushkin.
17:59 of 3rd period - Stopped by Jonas Hiller with a rebound.
18:38 of 3rd period - Joe Colborne is hit by Jared Spurgeon and loses puck.
19:05 of 3rd period - Hurricanes, Jonas Hiller is pulled from the net.
19:25 of 3rd period - Jonathan Toews is hit by Jiri Hudler.
19:40 of 3rd period - Loui Eriksson is hit by Marian Gaborik and loses puck.
Goals for this period are 2 for Senators vs 0 for Hurricanes.
Shots for this period are 4 for Senators vs 7 for Hurricanes.